 Dungeon Crawl Stone Soup version 0.20.1-1-g8b1a95d (webtiles) character file.

470 Irenicus the Chopper (level 6, -9/56 HPs)
             Began as a Deep Dwarf Fighter on Oct 21, 2017.
             Killed by a distortion unwield (24 damage)
             ... on level 5 of the Dungeon.
             The game lasted 00:08:43 (3359 turns).

Irenicus the Chopper (Deep Dwarf Fighter)           Turns: 3359, Time: 00:08:44

Health: -9/56      AC: 11    Str: 19    XL:     6   Next: 82%
Magic:  6/6        EV: 11    Int:  9    God:
Gold:   284        SH:  0    Dex: 14    Spells: 5/5 levels left

rFire    + . .     SeeInvis .   (no weapon)
rCold    . . .     Gourm    .   (no shield)
rNeg     . . .     Faith    .   A - +0 ring mail {rF+}
rPois    .         Spirit   .   e - +0 helmet
rElec    .         Reflect  .   (no cloak)
rCorr    .         Harm     .   o - +2 pair of gloves
MR       .....                  m - +0 pair of boots
Stlth    +.........             (no amulet)
Regen    0.0/turn               (no ring)
MPRegen  0.1/turn               (no ring)

@: non-regenerating
A: damage resistance, heal wounds, sense surroundings 1, no regeneration
a: Heal Wounds


You were on level 5 of the Dungeon.
You were not hungry.

You visited 1 branch of the dungeon, and saw 5 of its levels.

You collected 284 gold pieces.

Inventory:

Hand Weapons
 a - a +0 war axe
 t - the +9 dagger "Geoloh" {distort, *Slow rN+++ Str+3 SInv}
   (You found it on level 4 of the Dungeon)

   It warps and distorts space around it.
   Unwielding it can cause banishment or high damage.
   It affects your strength (+3).
   It renders you almost immune to negative energy.
   It lets you see invisible.
   It may slow you when you take damage.
Armour
 c - a +0 shield
 e - a +0 helmet (worn)
 m - a +0 pair of boots (worn)
 o - a +2 pair of gloves (worn)
 A - a +0 ring mail of fire resistance (worn)
Scrolls
 g - 3 scrolls of remove curse
 i - 2 scrolls of fear
 l - a scroll of recharging {unknown}
 q - a scroll of teleportation {unknown}
 u - a scroll of blinking {unknown}
 v - 2 scrolls of identify {unknown}
 y - a scroll of enchant weapon {unknown}
Potions
 d - a potion of might
 h - a potion of ambrosia
 j - a potion of lignification
 k - 2 potions of curing
 n - a potion of agility {unknown}
 p - 2 potions of flight {unknown}
 r - a potion of brilliance {unknown}
 w - a potion of invisibility
Comestibles
 f - 6 bread rations
 s - a royal jelly
 x - a meat ration
 z - 2 fruits


   Skills:
 - Level 3.1 Fighting
 - Level 7.8 Axes
 - Level 3.2 Armour
 + Level 1.0 Dodging
 - Level 3.2 Shields


You had 5 spell levels left.
You didn't know any spells.

Dungeon Overview and Level Annotations

Branches:
Dungeon (5/15)
 Temple: D:4-7

Altars:


Innate Abilities, Weirdness & Mutations

You are resistant to damage.
You can heal yourself by infusing magical energy.
You passively map a small area around you.
You do not regenerate.


Message History

You start removing your armour.
You continue taking off your +0 scale mail. x4
You finish taking off your +0 scale mail.
You start putting on your armour.
You continue putting on your shiny ring mail. x5
You finish putting on your +0 ring mail of fire resistance.
You feel resistant to fire.
Drop what? 27/52 slots (_ for help) (? for menu, Esc to quit)
You drop a +0 scale mail.
Wield which item (- for none, * to show all)? (? for menu, Esc to quit)
Okay, then.
(D) Dungeon
Where to? (Enter - D:4 @ (x,y), ? - help)
There is a stone staircase leading down here.
You climb downwards.
There is a stone staircase leading up here.
Wield which item (- for none, * to show all)? (? for menu, Esc to quit)
Really unwield
t - the +9 dagger "Geoloh" {distort, *Slow rN+++ Str+3 SInv}?
You are crushed and pinned by an extremely strong localised spatial distortion!
You die...

*
##########...
#....@.....#,
#.########...
#.# , #<# ,
#.# #.# * #.#
#.# #.# ,


There were no monsters in sight!

Vanquished Creatures
  A phantom (D:4)
  A crimson imp (D:3)
  A hound (D:4)
  2 orc priests (D:4)
  2 orc wizards (D:4)
  Robin (D:3)
  7 adders
  An ooze (D:4)
  An adder skeleton (D:4)
  3 worms
  A dart slug (D:3)
  3 leopard geckos
  20 orcs
  2 giant cockroaches (D:3)
  18 goblins
  7 hobgoblins
  3 quokkas
  3 ball pythons
  A ball python skeleton (D:4)
  7 bats
  5 frilled lizards
  8 kobolds
  A leopard gecko skeleton (D:4)
  4 rats
103 creatures vanquished.

Vanquished Creatures (others)
  A goblin (D:3)
  A rat (D:3)
2 creatures vanquished.

Grand Total: 105 creatures vanquished

Notes
Turn   | Place    | Note
-------+----------+-------------------------------------------
     0 | D:1      | Irenicus the Deep Dwarf Fighter began the quest for the Orb.
     0 | D:1      | Reached XP level 1. HP: 20/20 MP: 1/1
    79 | D:1      | Reached skill level 3 in Axes
    79 | D:1      | Reached XP level 2. HP: 25/27 MP: 2/2
   269 | D:1      | Reached skill level 1 in Dodging
   538 | D:2      | Reached XP level 3. HP: 4/33 MP: 3/3
   730 | D:2      | Reached skill level 4 in Axes
  1425 | D:3      | Reached XP level 4. HP: 33/40 MP: 4/4
  1514 | D:3      | Found a faded altar of an unknown god.
  1521 | D:3      | Noticed Robin
  1546 | D:3      | Reached skill level 5 in Axes
  1563 | D:3      | Killed Robin
  1563 | D:3      | Reached XP level 5. HP: 22/46 MP: 5/5
  2167 | D:4      | Noticed a phantom
  2188 | D:4      | Reached skill level 6 in Axes
  2210 | D:4      | Killed a phantom
  2210 | D:4      | Reached skill level 7 in Axes
  2210 | D:4      | Reached XP level 6. HP: 21/55 MP: 6/6
  2656 | D:4      | Got a warped dagger
  2661 | D:4      | Identified the +9 dagger "Geoloh" {distort, *Slow rN+++ Str+3 SInv} (You found it on level 4 of the Dungeon)
  3251 | D:5      | Entered Level 5 of the Dungeon
  3359 | D:5      | Killed by a distortion unwield

Skill      XL: |  1  2  3  4  5  6 |
---------------+-------------------+-----
Axes           | 3 4 5 7 |  7.8
Dodging        | 1 |  1.0
Fighting       | 3 |  3.1
Armour         | |  3.2
Shields        | |  3.2

Action                   |  1- 3 |  4- 6 || total
-------------------------+-------+-------++-------
Melee: War axe           |   139 |   146 ||   285
       Dagger            |       |    20 ||    20
  Use: Potion            |     1 |     4 ||     5
       Scroll            |       |     2 ||     2
 Stab: Invisible         |       |     6 ||     6
  Eat: Chunk             |     2 |     6 ||     8
Armor: Scale mail        |    78 |    77 ||   155
       Skin              |       |    37 ||    37
Dodge: Dodged            |    60 |   100 ||   160
Block: Shield            |     6 |       ||     6
